AoeStats
← Pepim14

Black Forest

506568360Analyzed
4v4 RM · 18d ago on Sep 14, 2026· 75m 5s· 8 players
Game mode
Random Map
Map size
Large (8 player)
Population
200
Speed
Normal
Resources
Standard
Victory
Conquest
Starting age
Dark Age
Ending age
Imperial Age
RankedLock teamsTeams togetherTeam positionsShared explorationLock speedFull tech treeHidden civsTurbo modeCheats
Victory
Defeat
🇧🇷 Persians · Brazil
1169
+16
🇪🇸 Vietnamese · Spain
1113
+18
🇦🇷 Wu · Argentina
1082
+19
1034
+21
🇲🇽 Italians · Mexico
1208
-21
🇲🇽 Goths · Mexico
1165
-19
🇵🇭 Lithuanians · Philippines
1122
-17
🇹🇼 Huns · Taiwan
1116
-17
Fasces
0:50 Loom
14:34 Feudal Age
15:01 Double-Bit Axe
15:45 Double-Bit Axe
16:16 Town Watch
18:42 Castle Age
18:00 Horse Collar
20:28 Wheelbarrow
20:04 Bow Saw
19:55 Heavy Plow
20:14 Fletching
25:03 Elite Skirmisher
31:39 Fortified Wall
34:48 Imperial Age
34:07 Hand Cart
33:54 Town Patrol
34:35 Padded Archer Armor
34:31 Bodkin Arrow
35:04 Ballistics
36:29 Imperial Skirmisher
37:14 Gold Mining
38:52 Chemistry
39:32 Bracer
41:42 Leather Archer Armor
43:07 Scale Barding Armor
43:12 Forging
43:24 Elite Battle Elephant
44:05 Husbandry
44:16 Bloodlines
44:59 Ring Archer Armor
46:38 Chatras
47:15 Chain Barding Armor
47:31 Iron Casting
49:48 Plate Barding Armor
48:49 Crossbowman
49:35 Thumb Ring
49:39 Arbalester
50:09 Treadmill Crane
57:22 Arrowslits
59:00 Caravan
Aragorn
9:34 Loom
11:21 Feudal Age
15:53 Castle Age
15:53 Double-Bit Axe
15:50 Horse Collar
17:47 Bow Saw
18:43 Wheelbarrow
23:28 Gold Mining
25:38 Hand Cart
26:04 Heavy Plow
29:47 Imperial Age
27:04 Town Watch
28:17 Gold Shaft Mining
27:46 Stone Mining
28:10 Forging
28:05 Scale Barding Armor
28:05 Husbandry
28:15 Bloodlines
29:26 Iron Casting
28:55 Caravan
29:25 Coinage
31:27 Two-Man Saw
31:35 Stone Shaft Mining
32:01 Blast Furnace
31:21 Chain Barding Armor
31:20 Arson
31:35 Squires
31:20 Gambesons
30:56 Pikeman
32:13 Town Patrol
32:54 Crop Rotation
32:26 Cavalier
34:27 Chemistry
33:20 Heated Shot
33:27 Murder Holes
33:42 Masonry
35:19 Plate Barding Armor
34:16 Savar
36:06 Ballistics
36:05 Guilds
36:26 Banking
35:34 Onager
37:00 Conscription
36:52 Citadels
37:15 Kamandaran
36:45 Sappers
37:52 Hoardings
46:46 Light Cavalry
50:46 Architecture
50:19 Scale Mail Armor
50:10 Fletching
50:20 Padded Archer Armor
49:54 Hussar
53:02 Bodkin Arrow
53:22 Leather Archer Armor
54:24 Thumb Ring
53:39 Crossbowman
57:06 Ring Archer Armor
58:53 Capped Ram
60:58 Siege Ram
66:43 Chain Mail Armor
Pepim14
0:26 Loom
12:04 Feudal Age
16:59 Castle Age
16:45 Double-Bit Axe
17:06 Horse Collar
21:26 Bow Saw
22:31 Wheelbarrow
21:41 Town Watch
25:22 Pikeman
26:18 Heavy Plow
31:18 Imperial Age
28:43 Gold Mining
28:55 Town Watch
30:05 Hand Cart
30:41 Gold Shaft Mining
30:44 Caravan
33:02 Squires
32:48 Arson
33:57 Guilds
35:18 Two-Man Saw
34:19 Halberdier
35:16 Scale Mail Armor
35:26 Forging
35:25 Onager
36:54 Chain Mail Armor
39:19 Iron Casting
39:15 Plate Mail Armor
42:54 Blast Furnace
45:09 Man-at-Arms
47:00 Long Swordsman
48:00 Two-Handed Swordsman
48:58 Champion
55:48 Conscription
55:31 Sitting Tiger
66:54 Town Patrol
rodolfo casas noten¨o
0:55 Loom
13:17 Feudal Age
17:36 Castle Age
16:25 Double-Bit Axe
20:39 Bow Saw
21:57 Horse Collar
24:11 Heavy Plow
25:20 Fletching
31:57 Imperial Age
30:21 Wheelbarrow
30:51 Bodkin Arrow
30:19 Pikeman
32:37 Hand Cart
32:39 Sappers
33:48 Caravan
34:06 Crossbowman
35:11 Padded Archer Armor
36:06 Scale Mail Armor
37:27 Chain Mail Armor
36:36 Halberdier
39:00 Ballistics
39:27 Conscription
39:35 Leather Archer Armor
40:01 Elite Skirmisher
40:43 Bracer
43:40 Chemistry
46:53 Imperial Skirmisher
48:11 Conscription
48:34 Corvinian Army
49:12 Scale Barding Armor
50:43 Thumb Ring
51:06 Imperial Skirmisher
54:27 Hoardings
55:03 Elite Magyar Huszar
55:40 Gold Mining
55:59 Capped Ram
59:21 Chain Barding Armor
60:46 Crop Rotation
63:04 Ring Archer Armor
62:49 Masonry
65:22 Two-Man Saw
68:30 Plate Barding Armor
68:37 Husbandry
68:48 Bloodlines
70:28 Cavalier
75:22 Parthian Tactics
Josua_Deere
0:27 Loom
14:56 Feudal Age
19:40 Castle Age
17:46 Double-Bit Axe
19:13 Wheelbarrow
18:20 Horse Collar
27:45 Town Watch
28:11 Heavy Plow
28:28 Bow Saw
28:17 Gold Mining
28:53 Stone Mining
29:21 Caravan
31:10 Stone Shaft Mining
31:46 Hand Cart
35:52 Imperial Age
34:15 Ballistics
33:36 Treadmill Crane
34:31 Silk Road
34:25 Fletching
34:35 Padded Archer Armor
34:59 Thumb Ring
36:59 Conscription
37:54 Chemistry
36:53 Bodkin Arrow
37:14 Leather Archer Armor
38:00 Pirotechnia
38:17 Masonry
38:22 Fortified Wall
38:45 Murder Holes
38:52 Crossbowman
39:07 Elite Genoese Crossbowman
40:31 Squires
40:17 Arson
40:38 Bracer
41:23 Bloodlines
41:13 Husbandry
40:34 Light Cavalry
42:52 Hoardings
42:38 Hussar
44:08 Architecture
43:52 Forging
44:13 Ring Archer Armor
43:46 Scale Mail Armor
53:15 Iron Casting
52:56 Chain Mail Armor
58:14 Scale Barding Armor
58:39 Plate Mail Armor
59:09 Blast Furnace
58:49 Pikeman
61:31 Chain Barding Armor
66:50 Plate Barding Armor
CHECOPOLTZYN
8:07 Loom
11:42 Feudal Age
18:15 Castle Age
17:03 Double-Bit Axe
17:04 Horse Collar
19:48 Wheelbarrow
19:17 Heavy Plow
24:49 Pikeman
30:54 Hand Cart
34:49 Imperial Age
33:26 Gold Mining
33:29 Stone Mining
34:21 Squires
35:58 Scale Mail Armor
36:09 Forging
36:06 Perfusion
37:06 Conscription
37:44 Chain Mail Armor
37:25 Halberdier
39:04 Elite Huskarl
42:33 Iron Casting
42:25 Anarchy
69:10 Man-at-Arms
71:03 Long Swordsman
74:00 Two-Handed Swordsman
jojo
0:37 Loom
11:21 Feudal Age
17:50 Castle Age
16:01 Stone Mining
17:59 Double-Bit Axe
17:54 Horse Collar
19:54 Bow Saw
24:41 Wheelbarrow
23:54 Town Watch
25:19 Fletching
26:43 Gold Mining
27:05 Heavy Plow
31:04 Imperial Age
28:23 Pikeman
29:06 Squires
28:57 Arson
29:51 Forging
29:41 Scale Mail Armor
30:32 Hand Cart
32:10 Iron Casting
31:51 Chain Mail Armor
32:13 Conscription
33:06 Two-Man Saw
32:45 Halberdier
35:43 Bodkin Arrow
37:24 Crop Rotation
36:58 Bracer
38:23 Stone Shaft Mining
38:47 Tower Shields
40:38 Chemistry
39:59 Ballistics
39:19 Treadmill Crane
39:42 Padded Archer Armor
40:47 Man-at-Arms
42:10 Leather Archer Armor
41:43 Long Swordsman
44:39 Two-Handed Swordsman
45:28 Champion
47:44 Fortified Wall
48:06 Ring Archer Armor
48:32 Elite Leitis
49:25 Scale Barding Armor
51:23 Chain Barding Armor
51:06 Husbandry
51:16 Bloodlines
53:30 Light Cavalry
55:41 Plate Barding Armor
61:30 Elite Skirmisher
62:32 Masonry
水溝蓋
12:45 Feudal Age
14:12 Loom
14:59 Horse Collar
15:07 Double-Bit Axe
18:25 Castle Age
27:00 Wheelbarrow
31:49 Imperial Age
29:36 Hand Cart
29:18 Gold Mining
29:23 Stone Mining
29:49 Scale Barding Armor
30:01 Forging
30:01 Marauders
32:16 Bloodlines
32:08 Husbandry
33:35 Conscription
34:05 Heavy Plow
34:30 Chain Barding Armor
34:46 Iron Casting
34:30 Caravan
34:10 Elite Tarkan
36:47 Plate Barding Armor
36:57 Gold Shaft Mining
36:34 Bow Saw
38:50 Blast Furnace
39:01 Two-Man Saw
38:56 Town Watch
39:05 Fletching
41:54 Ballistics
41:30 Murder Holes
41:43 Bodkin Arrow
43:13 Atheism
45:26 Pikeman
52:38 Chemistry
59:22 Bracer
60:07 Thumb Ring
60:52 Padded Archer Armor
62:52 Parthian Tactics
63:09 Leather Archer Armor
Connection lost

Rejoining the realm…

Still unreachable

The connection could not be restored.

Session expired

The server has moved on; the page needs a fresh start.